 Dungeon Crawl Stone Soup version 0.21-a0-513-gdcb3f5e (webtiles) character file.

193 Gerstahl the Slasher (level 5, -3/50 HPs)
             Began as a Naga Gladiator on Dec 1, 2017.
             Slain by a river rat (6 damage)
             ... in a sewer.
             The game lasted 00:04:58 (2490 turns).

Gerstahl the Slasher (Naga Gladiator)               Turns: 2490, Time: 00:05:00

Health: -3/50      AC:  5    Str: 16    XL:     5   Next: 72%
Magic:  5/5        EV: 10    Int:  8    God:
Gold:   62         SH:  0    Dex: 14    Spells: 4/4 levels left

rFire    . . .     SeeInvis +   a - +0 long sword
rCold    . . .     Gourm    .   (no shield)
rNeg     . . .     Faith    .   b - +0 leather armour
rPois    +         Spirit   .   c - +0 helmet
rElec    .         Reflect  .   (no cloak)
rCorr    .         Harm     .   u - +0 pair of gloves
MR       .....                  (no barding)
Stlth    +.........             (no amulet)
HPRegen  0.16/turn              (no ring)
MPRegen  0.09/turn              (no ring)

@: very slow
A: large, see invisible, deformed body, poison resistance, slowness 2, slow
metabolism 1, spit poison 1, AC +1
a: Spit Poison


You were in a sewer.
You were not hungry.

You visited 1 branch of the dungeon, and saw 3 of its levels.
You also visited: Sewer.

You collected 62 gold pieces.

Inventory:

Hand Weapons
 a - a +0 long sword (weapon)
Missiles
 d - 3 throwing nets (quivered)
Armour
 b - a +0 leather armour (worn)
 c - a +0 helmet (worn)
 u - a +0 pair of gloves (worn)
Jewellery
 j - a cursed amulet of inaccuracy {unknown}
 m - an uncursed amulet of the gourmand {unknown}
 t - an uncursed ring of resist corrosion {unknown}
Wands
 r - a wand of digging (12)
Scrolls
 g - a scroll of random uselessness {unknown}
 h - 3 scrolls of identify {unknown}
 i - a scroll of immolation {unknown}
 k - 3 scrolls of amnesia {unknown}
 l - a scroll of fear {unknown}
 n - a scroll of fog {unknown}
 q - a scroll of teleportation {unknown}
 w - a scroll of magic mapping {unknown}
Potions
 e - a potion of degeneration {unknown}
 o - 2 potions of heal wounds {unknown}
 s - a potion of curing {unknown}
 v - a potion of mutation {unknown}
Comestibles
 f - 2 bread rations
 p - a meat ration


   Skills:
 + Level 4.2 Fighting
 + Level 4.8 Long Blades
 - Level 1.7 Throwing
 - Level 2.4 Dodging


You had 4 spell levels left.
You didn't know any spells.

Dungeon Overview and Level Annotations

Branches:
Dungeon (3/15)

Altars:
Ashenzari
Gozag
Hepliaklqana
Kikubaaqudgha
Makhleb
Wu Jian


Innate Abilities, Weirdness & Mutations

You cannot wear boots.
Your serpentine skin is tough. (AC +1)
You have supernaturally acute eyesight. (SInv)
Armour fits poorly on your strangely shaped body.
Your system is resistant to poisons. (rPois)
You cover ground very slowly.
You have a slow metabolism.
You can spit poison.


Message History

The river rat closely misses you. The river rat barely misses you.
You riposte.
You barely miss the river rat.
The river rat is moderately wounded.
The river rat barely misses you. The adder closely misses you.
You riposte.
You hit the adder.
The adder is almost dead.
The river rat barely misses you.
You barely miss the adder.
The adder is almost dead.
You have got your breath back.
The adder bites you.
* * * LOW HITPOINT WARNING * * *
The river rat barely misses you. The river rat bites you.
* * * LOW HITPOINT WARNING * * *
The river rat bites you.
* * * LOW HITPOINT WARNING * * *
The adder bites you.
* * * LOW HITPOINT WARNING * * *
The river rat bites you.
You die...

######...##..#####......###..####
..#####.......##†..............#.
.††.##.........................#.
.÷.............................')
.........................≈≈≈...#(
≈.≈...≈..≈...........≈≈≈≈≈≈≈≈≈≈#.
≈≈≈≈≈≈≈≈≈≈≈......≈≈≈≈≈≈≈≈≈≈≈≈≈≈##
≈≈≈≈≈≈≈≈≈≈...≈..≈≈≈≈≈≈≈≈≈≈≈≈≈≈≈#
≈≈≈≈≈≈≈≈≈≈≈≈≈≈≈r@r≈≈≈≈≈≈≈≈≈≈≈≈≈≈#
≈≈≈≈≈≈≈≈≈≈≈≈≈≈≈≈Sr≈≈≈≈≈≈≈≈≈≈≈≈≈#≈
≈≈≈≈≈≈≈≈..≈≈≈.....≈≈≈≈≈≈≈≈≈≈≈≈≈≈#
.........≈.≈≈≈≈≈≈≈≈≈≈≈#
........##......##≈
.......####...... ....... ......
....... ..... ..####. #.


You could see an adder and 3 river rats.

Vanquished Creatures
  A bullfrog skeleton (D:2)
  Jessica (D:2)
  4 adders
  A gnoll (D:1)
  A river rat (Sewer)
  3 dart slugs
  2 leopard geckos (D:3)
  2 orcs (D:3)
  6 giant cockroaches
  6 goblins
  8 hobgoblins
  3 jackals (D:3)
  10 kobolds
  A quokka (D:3)
  6 ball pythons
  2 bats
  4 frilled lizards
  14 rats
75 creatures vanquished.

Notes
Turn   | Place    | Note
-------+----------+-------------------------------------------
     0 | D:1      | Gerstahl the Naga Gladiator began the quest for the Orb.
     0 | D:1      | Reached XP level 1. HP: 19/19 MP: 1/1
    28 | D:1      | Reached XP level 2. HP: 23/27 MP: 2/2
   278 | D:1      | Reached XP level 3. HP: 21/33 MP: 3/3
   958 | D:2      | Reached XP level 4. HP: 26/42 MP: 4/4
  1085 | D:2      | Found a shattered altar of Ashenzari.
  1087 | D:2      | Noticed Jessica
  1093 | D:2      | Killed Jessica
  1244 | D:2      | Found an ornate altar of the Wu Jian Council.
  1447 | D:2      | Found an opulent altar of Gozag.
  1467 | D:2      | Found an ancient bone altar of Kikubaaqudgha.
  1692 | D:2      | Found a hazy altar of Hepliaklqana.
  1704 | D:2      | Found a burning altar of Makhleb.
  1749 | D:2      | Reached XP level 5. HP: 50/50 MP: 5/5
  2194 | D:3      | Found a glowing drain.
  2209 | Sewer    | Entered a sewer
  2490 | Sewer    | Slain by a river rat

Vault maps used:
D:1:      evilmike_arrival_rings, minivault_19, corexii_item_surrounded_by_moat,
          minmay_split_cup_small
D:2:      nicolae_overflow_quartered_altars, ashenzari_conservatory_becter,
          overflow_temple_1_default, uniq_jessica
D:3:      portal_sewer_entry_f
Sewer:    sewer_minmay_treatment

Skill      XL: |  1  2  3  4  5 |
---------------+----------------+-----
Fighting       | 3 4 |  4.2
Long Blades    | 4 |  4.8
Throwing       | |  1.7
Dodging        | |  2.4

Action                   |  1- 3 |  4- 6 || total
-------------------------+-------+-------++-------
Melee: Long sword        |    64 |    98 ||   162
 Abil: Spit Poison       |     8 |    11 ||    19
 Stab: Sleeping          |     1 |       ||     1
  Eat: Meat ration       |       |     1 ||     1
Armor: Leather armour    |    29 |    52 ||    81
Dodge: Dodged            |    42 |    99 ||   141
       Rpst.: Long sword |    15 |    30 ||    45

Table legend:
 A = Spawn XP
 B = Non-spawn XP
 C = Spawn XP percentage of total XP
 D = Spawn monster count
 E = Non-spawn monster count
 F = Spawn count percentage of total count
 G = Total turns spent on level
                    A         B        C        D         E        F      G
               +---------+---------+-------+---------+---------+-------+---------
         Total |       0 |     277 |   0.0 |       0 |      75 |   0.0 |  2490
               +---------+---------+-------+---------+---------+-------+---------
           D:1 |       0 |      50 |   0.0 |       0 |      22 |   0.0 |   877
           D:2 |       0 |     130 |   0.0 |       0 |      16 |   0.0 |   923
           D:3 |       0 |      65 |   0.0 |       0 |      20 |   0.0 |   409
         Sewer |       0 |      32 |   0.0 |       0 |      17 |   0.0 |   281
               +---------+---------+-------+---------+---------+-------+---------
